[Event "VII Totalizator Sportowy 2022"]
[Site "Bydgoszcz"]
[Date "2022.06.27"]
[Round "3.10"]
[White "Dzhuguryan, Tygran"]
[Black "Janik, Igor"]
[Result "0-1"]
[ECO "A40"]
[WhiteElo "2203"]
[BlackElo "2525"]
[Annotator "TA"]
[PlyCount "105"]
[EventDate "2022.06.25"]
[EventType "swiss"]
[EventCountry "POL"]
[SourceTitle "playchess.com"]
[Source "ChessBase"]
[SourceQuality "1"]
[TimeControl "40/5400+30:1800+30"]

1. d4 g6 2. c4 Bg7 3. e4 d6 4. h3 Nc6 5. Nf3 e5 6. d5 {[%emt 0:00:07] A41: 1 d4 d6: Tartakower System and Modern Defence.} Nce7 7. Nc3 f5 8. Bd3 {[%emt 0:02:04] White is slightly better.} Nf6 9. Be3 O-O 10. Qc2 {[%emt 0:00:28] [#]} h6 $146 ({Predecessor:} 10... fxe4 11. Nxe4 Nf5 12. Bg5 h6 13. Bxf6 Bxf6 14. g4 Nh4 15. Nxh4 Bxh4 16. O-O-O Kg7 {0-1 (49) Gago Padreny,I (2289)-Vavulin,M (2554) Chess.com INT 2020}) 11. Nh4 f4 12. Bd2 g5 13. Nf3 c5 14. dxc6 (14. a4 $14 {is superior.}) 14... Nxc6 $11 15. Nd5 Be6 16. Bc3 Rc8 17. Qb3 Nd7 18. Qd1 (18. Qxb7 $2 Nc5 19. Qb5 Nxd3+ $19) 18... a5 19. a3 Bf7 20. b4 axb4 21. axb4 Ne7 22. Rc1 Nxd5 23. cxd5 Nf6 24. Nd2 h5 25. f3 {[%emt 0:00:34] Against g4} Be8 26. Nc4 (26. b5 $5 ) 26... Rf7 27. Qe2 Rfc7 (27... b5 28. Na5 $11) 28. Kd2 $1 Bg6 {[%emt 0:07:40][%cal Of6d5] Strongly threatening ...Nxd5!} 29. Ba1 Bf8 (29... b5 30. Na5 $16) (29... g4 $5) 30. Rc2 Qe8 31. Nb6 Rxc2+ 32. Bxc2 Rc7 33. Bb2 Qd8 34. Bd3 g4 35. hxg4 hxg4 {[%emt 0:01:21] next ...Nh5 is good for Black.} 36. Qf2 $1 Rg7 37. Nc4 Nh5 38. Qh4 ({Reject} 38. fxg4 Ng3 39. Re1 Be8 $15) 38... Be7 39. Qxg4 Bf7 (39... Nf6 $11 {keeps the balance.} 40. Qe6+ (40. Qh3 $2 Rh7 $19) 40... Bf7) 40. Qh3 $16 b5 41. Na5 {[%emt 0:13:17] Black must now prevent Nc6.} Qb6 42. Re1 $1 Ng3 (42... Kf8 $16 43. Nc6 Bf6) 43. Bc3 $1 $18 ({Not} 43. Qc8+ Bf8 44. Nc6 Qf2+ 45. Re2 Nxe2 46. Ne7+ Kh8 47. Qxf8+ Bg8 48. Bxe2 Qe3+ 49. Kd1 Qb3+ 50. Kc1 Qe3+ 51. Kd1 Qb3+ 52. Kc1 Qe3+ 53. Kd1 $11) 43... Rh7 {[%emt 0:03:04] [#]} (43... Bh5 {keeps fighting.}) 44. Qc8+ $2 (44. Qg4+ $1 $18 Rg7 45. Qc8+ Bf8 46. Nc6) 44... Bf8 $1 $14 45. Nc6 {[%emt 0:00:44] Hoping for Kc1.} (45. Kc1 $5 ) 45... Rh2 $2 (45... Qf2+ $11 {and Black stays safe.} 46. Kc1 Qxg2) 46. Ne7+ $2 ({White has to play} 46. Kc1 $18 {And now Nb8 would win.} Rxg2 47. Ne7+ Kg7 48. Qg4+ Kh7 49. Qh3+ Bh5 50. Qxg2 Bxe7 51. Kc2) 46... Kg7 $11 {[%emt 0:00:07] Chess con chili.} 47. Qg4+ Kh7 48. Nf5 $2 (48. Qd7 $11 Bxe7 49. Qxe7 Rxg2+ 50. Kc1) 48... Bh5 $19 49. Qg5 Rxg2+ 50. Re2 Nf1+ 51. Kd1 Qa7 $4 52. Re1 $4 Bxf3+ 53. Be2 {Weighted Error Value: White=0.68/Black=0.35} 0-1

[Event "VII Totalizator Sportowy 2022"]
[Site "Bydgoszcz"]
[Date "2022.06.27"]
[Round "3.11"]
[White "Lewtak, Damian"]
[Black "Zebracki, Tomasz"]
[Result "1-0"]
[ECO "A00"]
[WhiteElo "2384"]
[BlackElo "2200"]
[Annotator "TA"]
[PlyCount "51"]
[EventDate "2022.06.25"]
[EventType "swiss"]
[EventCountry "POL"]
[SourceTitle "playchess.com"]
[Source "ChessBase"]
[SourceQuality "1"]
[TimeControl "40/5400+30:1800+30"]

1. g3 g6 2. Bg2 Bg7 3. Nf3 c5 4. d4 cxd4 5. Nxd4 Nc6 6. Nxc6 bxc6 7. O-O Nf6 8. c4 O-O 9. Nc3 Qb6 10. b3 {[%emt 0:04:41] [#] A39: Symmetrical English vs ...g6: 4 Bg2 Bg7 5 Nf3 Nf6 6 0-0 0-0 7 d4.} Rd8 $146 ({Predecessor:} 10... d6 11. Bb2 Rb8 12. Qd2 Be6 13. Rac1 Rfc8 14. Na4 Qd8 15. c5 d5 16. Be5 Ne4 17. Qb2 Bxe5 18. Qxe5 {0-1 (66) Kourousis,E (2391)-Piorun,K (2566) Pardubice 2013}) 11. e4 d5 (11... Nxe4 $2 12. Nxe4 $1 Bxa1 13. Be3 $18) 12. exd5 {[%emt 0:04:36] The position is equal.} Nxd5 13. Nxd5 cxd5 14. Be3 Qb8 (14... d4 $11 15. c5 (15. Bxa8 $2 dxe3 16. Qf3 exf2+ 17. Kg2 Bxa1 $19) 15... Qc7) 15. Rc1 $36 {[%emt 0:02:00][%mdl 2048] White is really pushing.} ({Of course not} 15. cxd5 Bxa1 16. Qxa1 Bb7 $11) ({But not} 15. Bxd5 Bb7 $14) 15... Ba6 {[%emt 0:01:52][%cal Od5c4] [#]} 16. Bf4 $1 ({Inferior is} 16. Bxd5 e6 17. Bf4 Qc8 18. Bxa8 Rxd1 19. Rfxd1 Qxa8 $17) 16... Qb6 (16... Be5 $16 {is a better defense.}) 17. Bxd5 $18 {[%emt 0:04:51] And now Re1 would win.} Bb7 {[%emt 0:02:38] [#]} (17... Rac8 $142) 18. c5 $1 Qb5 19. a4 Qa5 (19... Qa6) 20. Bxb7 {[%emt 0:00:12] White is clearly winning.} Rxd1 21. Rfxd1 Re8 22. c6 {[%emt 0:02:02] Threatens to win with c7.} g5 23. Be3 {[%emt 0:01:07] Hoping for Rc5.} Be5 24. Rc5 Qc7 25. Rd7 Qb8 26. Ra5 {[%emt 0:00:52] Weighted Error Value: White=0.02 (flawless) /Black=0.52} 1-0

[Event "VII Totalizator Sportowy 2022"]
[Site "Bydgoszcz"]
[Date "2022.06.27"]
[Round "3.12"]
[White "Lambrecht, Tomasz"]
[Black "Golubka, Petro"]
[Result "0-1"]
[ECO "E91"]
[WhiteElo "1956"]
[BlackElo "2380"]
[Annotator "TA"]
[PlyCount "104"]
[EventDate "2022.06.25"]
[EventType "swiss"]
[EventCountry "POL"]
[SourceTitle "playchess.com"]
[Source "ChessBase"]
[SourceQuality "1"]
[TimeControl "40/5400+30:1800+30"]

1. d4 Nf6 2. Nf3 g6 3. c4 Bg7 4. Nc3 d6 5. e4 O-O 6. Be2 Bg4 7. Be3 Bxf3 8. Bxf3 {[%emt 0:00:29] E91: King's Indian: Classical: 6 Be2, unusual replies including 6...c5 and 6...Bg4.} e5 {[%emt 0:00:08] [#]} 9. Be2 $146 ({But not} 9. dxe5 dxe5 10. Qb3 Nc6 $14) (9. d5 $1 $16) ({Predecessor:} 9. d5 Nfd7 10. g4 Qh4 11. Qd2 Qh3 12. Be2 a5 13. O-O-O Na6 14. Rdg1 Nac5 15. Rg3 {1-0 (15) Chigaev,M (2631)-Kamsky,G (2658) Chess.com INT 2022}) 9... exd4 $11 10. Bxd4 {[%emt 0:00:02] The position is equal.} Nc6 11. Be3 $1 Nd7 12. O-O Re8 13. Bd3 (13. Rc1 $11) 13... Nc5 $15 14. f3 Bxc3 15. bxc3 Qf6 16. Bxc5 dxc5 17. Qc2 Qf4 18. Rad1 Rad8 19. Rfe1 Ne5 20. Bf1 h5 (20... g5 {is interesting.} 21. Qf2 g4 22. Qh4 Rxd1 23. Rxd1 Re6) 21. h3 ({White should try} 21. Qf2 $15) 21... h4 $17 22. Kh1 g5 23. Rxd8 (23. Rd5 $17 {might work better.}) 23... Rxd8 $19 24. Rd1 {[%emt 0:00:01] Prevents Rd2.} Rxd1 25. Qxd1 {[%emt 0:00:25][%mdl 4096] Endgame KQB-KQN} Kg7 26. Qe1 b6 27. Kg1 Kf6 28. Kh1 Ke7 29. Kg1 f6 30. Kh1 Qg3 31. Qd2 c6 32. Qe2 Qf4 {[%emt 0:03:05] Threatens to win with ...Qc1. 0x0.001b6967b92adp-1022s more active pieces.} 33. Qe1 {[%emt 0:00:56] Prevents Qc1.} Kd6 $40 {[%emt 0:00:33][%mdl 128] Black goes for the king.} 34. Qd1+ Kc7 {[%emt 0:00:07] ...Qe3 is the strong threat.} 35. Qe1 {[%emt 0:00:15] Against Qe3} Ng6 36. Kg1 Qe5 37. Qd2 Nf4 38. Qc2 Qd6 39. Kh1 (39. Qa4 $17 {was necessary.} a5 40. Qc2) 39... Nh5 40. Kg1 Ng3 41. Bd3 (41. Qc1 $142) 41... Qf4 42. Kf2 Nh5 43. Bf1 Qg3+ 44. Kg1 Qe1 {[%emt 0:01:02] [#] Strongly threatening ...Ng3.} 45. Qa4 $2 (45. e5 Ng3 46. Qf2 Qxc3 47. exf6) 45... a5 {[%emt 0:01:10] ( -> ...Ng3). Black is clearly winning.} 46. Qc2 Ng3 47. Qf2 Qxc3 48. f4 Nxe4 49. Qe2 Qd4+ 50. Kh2 Ng3 51. Qe7+ Qd7 52. Qe1 gxf4 {[%emt 0:00:19] Weighted Error Value: White=0.30/Black=0.04 (flawless)} 0-1

[Event "VII Totalizator Sportowy 2022"]
[Site "Bydgoszcz"]
[Date "2022.06.27"]
[Round "3.13"]
[White "Chojnacki, Krzysztof"]
[Black "Navaratnam, Rohan Shan Tze"]
[Result "0-1"]
[ECO "D32"]
[WhiteElo "2371"]
[BlackElo "2071"]
[Annotator "TA"]
[PlyCount "90"]
[EventDate "2022.06.25"]
[EventType "swiss"]
[EventCountry "POL"]
[SourceTitle "playchess.com"]
[Source "ChessBase"]
[SourceQuality "1"]
[TimeControl "40/5400+30:1800+30"]

1. d4 d5 2. c4 e6 3. Nc3 c5 4. cxd5 exd5 5. Nf3 Nf6 6. Bg5 Be6 7. Bxf6 Qxf6 8. e4 {[%emt 0:00:10] D32: Tarrasch Defence: Sidelines and lines without g3.} dxe4 9. Bb5+ Nc6 10. Nxe4 {[%emt 0:00:58] White is slightly better.} (10. Qa4 $5 Rc8 11. Ne5 $14) 10... Qf4 11. Qe2 Be7 12. O-O O-O 13. Bxc6 bxc6 {[%emt 0:00:16] [#]} 14. Nxc5 $146 (14. dxc5 $11 {remains equal.} Bd5 15. Rfe1) ({Predecessor:} 14. dxc5 Bd5 15. Rfe1 Rfe8 16. Qd2 Qxd2 17. Nfxd2 f5 18. Nd6 Bxd6 19. cxd6 Red8 20. Nb1 Rxd6 {1-0 (52) Gukesh,D (2614)-Tari,A (2653) Warsaw 2021}) 14... Bxc5 $17 {[%emt 0:02:19] This bishop pair is nice. Black converts the advantage convincingly.} 15. g3 (15. dxc5 $17 Bc4 16. Qe5 Qxe5 17. Nxe5 Bxf1 18. Kxf1) 15... Qg4 $19 16. h3 {[%emt 0:00:22] [#]} (16. dxc5 $142 Bc4 17. Qe3 Bxf1 18. Rxf1) 16... Qxh3 $1 17. Ng5 Bg4 18. Qd2 {[%emt 0:06:34] [#]} Qh5 19. dxc5 h6 20. f3 hxg5 21. fxg4 Qxg4 22. Qc3 Rad8 23. Rf2 Rd5 24. Raf1 f6 25. Re1 Rfd8 {[%emt 0:01:52] And now ...Rd3 would win.} 26. Qe3 Rd3 27. Qe6+ Qxe6 28. Rxe6 Rxg3+ {[%emt 0:00:07][%mdl 4096] Endgame KRR-KRR} 29. Kh2 Rgd3 {[%emt 0:00:06] White must now prevent ...Rd2.} 30. Rxc6 $2 (30. Kg2 {was called for.}) 30... Rd2 31. Kg2 {[%emt 0:01:08] [#]} Rxf2+ $1 32. Kxf2 {[%emt 0:00:05] KR-KR} Rd2+ 33. Ke3 Rxb2 34. Ra6 g4 35. Kf4 $2 {[%emt 0:01:45] [#]} (35. Rxa7 {was the crucial defense.} g3 36. Ra8+ Kf7 37. Rd8 Rxa2 38. Rd7+ Kg6 39. Rd1) 35... Rb4+ $1 36. Kg3 f5 37. Rxa7 Rc4 {[%emt 0:00:05] Threatens to win with ...Kh7.} 38. Rc7 Kh7 {[%emt 0:10:49] Strongly threatening ...Rc3+.} 39. c6 Kh6 40. Rc8 Kg5 41. Kf2 Kf4 {[%emt 0:01:18] ( -> ...g3+)} 42. c7 Rc2+ {[%emt 0:00:07] Black mates.} 43. Ke1 g3 44. Kd1 Rc6 45. Ke2 g2 {[%emt 0:00:09] Weighted Error Value: White=0.90/Black=0.24 (precise)} 0-1

[Event "VII Totalizator Sportowy 2022"]
[Site "Bydgoszcz"]
[Date "2022.06.27"]
[Round "3.14"]
[White "Malek, Jan"]
[Black "Perkampus, Laurin"]
[Result "1-0"]
[ECO "D20"]
[WhiteElo "2316"]
[BlackElo "2061"]
[Annotator "TA"]
[PlyCount "107"]
[EventDate "2022.06.25"]
[EventType "swiss"]
[EventCountry "POL"]
[SourceTitle "playchess.com"]
[Source "ChessBase"]
[SourceQuality "1"]
[TimeControl "40/5400+30:1800+30"]

1. d4 d5 2. c4 dxc4 3. e3 e5 4. Bxc4 exd4 5. exd4 Bd6 6. Nf3 Nf6 7. Qe2+ {[%emt 0:00:09] D20: Queen's Gambit Accepted: 3 e3 and 3 e4.} Qe7 8. Qxe7+ Bxe7 (8... Kxe7 {looks sharper.} 9. O-O Nc6 10. Nc3 Re8) 9. O-O {[%emt 0:00:09] White has an edge.} O-O 10. Re1 Bd6 11. Nc3 h6 12. Nb5 a6 13. Nxd6 cxd6 {[%emt 0:00:01] [#]} 14. d5 $146 ({Predecessor:} 14. Bf4 d5 15. Bb3 Nc6 16. Rac1 Be6 17. Ba4 Na5 18. Rc7 b5 19. Bc2 Rfc8 20. Bd3 {½-½ (84) Bindrich,F (2585)-Huschenbeth,N (2585) Dresden 2017}) 14... b5 15. Bb3 Bb7 16. Bf4 Bxd5 17. Bxd6 Rc8 $1 18. Bxd5 Nxd5 19. Rad1 Nf6 20. Be5 Nbd7 21. Bc3 Re8 22. Rxe8+ Rxe8 23. Rd6 Re6 24. Rxe6 fxe6 $11 {[%emt 0:00:02][%mdl 4096] Endgame KBN-KNN} 25. Nd4 Kf7 26. Nc6 Nd5 27. Bd4 N7b6 28. b3 Nd7 29. Kf1 Nf4 30. Nb4 a5 31. Nc6 Nd3 {[%emt 0:01:58] Loses the game.} (31... a4 $14) 32. Nxa5 $18 Nc1 (32... e5 $142) 33. a4 bxa4 34. bxa4 e5 35. Be3 Nd3 36. Nc4 {[%emt 0:03:03] Prevents Nb2.} Ke6 37. Ke2 N3c5 38. a5 Kd5 $2 {[%emt 0:00:20] [#]} (38... Na6 39. Kd3 Nf6) 39. Nb6+ Nxb6 40. Bxc5 {[%emt 0:00:00] KB-KN} ({Not} 40. axb6 Nb7 41. Kf3 h5 $18) 40... Nd7 (40... Kxc5 $2 41. axb6 Kxb6 42. Kf3) 41. Be3 Nb8 42. Kd3 Nc6 43. Bb6 Nb4+ 44. Kc3 Na6 45. Be3 Nc7 $2 (45... h5 46. Bb6 Nb8) 46. Kb4 {[%emt 0:00:16] [#] Black must now prevent g4. White is clearly winning.} Kc6 (46... h5 $142 47. Bb6 Ne8) 47. g4 Nd5+ 48. Kc4 Nc7 49. h4 Na6 50. h5 Nb8 51. Bc5 Nd7 {[%emt 0:00:47] Prevents Bf8.} 52. Be7 Nb8 53. Bf8 Nd7 54. Bxg7 {[%emt 0:00:07] Weighted Error Value: White=0.10 (very precise) /Black=0.28 (precise)} 1-0

[Event "VII Totalizator Sportowy 2022"]
[Site "Bydgoszcz"]
[Date "2022.06.27"]
[Round "3.15"]
[White "Kucza, Karol"]
[Black "Rog, Bartlomiej"]
[Result "1-0"]
[ECO "E06"]
[WhiteElo "2305"]
[BlackElo "2055"]
[Annotator "TA"]
[PlyCount "97"]
[EventDate "2022.06.25"]
[EventType "swiss"]
[EventCountry "POL"]
[SourceTitle "playchess.com"]
[Source "ChessBase"]
[SourceQuality "1"]
[TimeControl "40/5400+30:1800+30"]

1. d4 Nf6 2. c4 e6 3. g3 d5 4. Bg2 Be7 5. Nf3 O-O 6. O-O dxc4 7. Qc2 a6 8. Qxc4 b5 9. Qc2 Bb7 10. Bg5 Nbd7 11. Bxf6 Nxf6 12. Nbd2 Rc8 13. Nb3 Be4 14. Qc1 Nd7 {[%emt 0:08:14] E05: Open Catalan: 5 Nf3 Be7.} 15. Rd1 c5 {[%emt 0:04:07] [#]} (15... c6 {is interesting.} 16. Qf4 Bc2 17. Rd2 Bxb3 18. axb3 Qb6) 16. Nxc5 $146 (16. dxc5 {feels hotter.} Qc7 17. Qe3 Bc2 18. Rdc1) ({Predecessor:} 16. dxc5 Qc7 17. Qd2 Nxc5 18. Nxc5 Bxc5 19. Rac1 Qb6 20. e3 Qb7 21. Ne1 Be7 22. Rxc8 Rxc8 23. Bxe4 Qxe4 24. Qd7 {1-0 (24) Lenaerts,L (1902)-Schroeder,J (2235) Albena 2011}) 16... Nxc5 {[%emt 0:06:32] The position is equal.} 17. dxc5 Rxc5 18. Rxd8 Rxc1+ 19. Rxc1 Rxd8 20. Ne5 Bxg2 21. Kxg2 $11 {[%emt 0:00:07][%mdl 4096] Endgame KRB-KRN} Bf6 22. Nd3 h6 23. b3 Rd6 24. Rc7 Kf8 25. Kf3 Ke8 26. Ra7 Bc3 {[%emt 0:04:36] [#] White now steadily converts the win.} 27. Nc5 $1 a5 {[%emt 0:01:09] [#]} 28. Rb7 $1 Bb4 29. Rxb5 Rd2 30. Nd3 {[%emt 0:03:00] And now a4 would win.} Rxa2 31. Nxb4 axb4 32. Rxb4 $16 {[%emt 0:00:08] KR-KR} Ke7 33. Rb7+ Kf6 34. h4 g6 35. b4 Rb2 36. b5 Ke5 (36... e5 $142 37. Rb6+ Ke7) 37. Rxf7 $18 Rxb5 38. g4 Rb4 (38... h5 $142 39. gxh5 gxh5) 39. Kg3 h5 $2 (39... Rb1 40. Rh7 Rg1+ 41. Kf3 h5) 40. gxh5 {[%emt 0:00:00] White is clearly winning.} gxh5 41. Rg7 Rb1 42. Kf3 Rh1 43. Rg5+ Kf6 44. Rxh5 Kg6 45. Rg5+ Kf6 46. Rg4 Kf5 47. Rf4+ Kg6 48. Ke4 Re1 49. e3 {[%emt 0:00:08] Weighted Error Value: White=0.02 (flawless) /Black=0.23 (precise)} 1-0

[Event "VII Totalizator Sportowy 2022"]
[Site "Bydgoszcz"]
[Date "2022.06.27"]
[Round "3.16"]
[White "Zalega, Maciej"]
[Black "Prokofiev, Valentyn"]
[Result "1/2-1/2"]
[ECO "B42"]
[WhiteElo "2051"]
[BlackElo "2362"]
[Annotator "TA"]
[PlyCount "39"]
[EventDate "2022.06.25"]
[EventType "swiss"]
[EventCountry "POL"]
[SourceTitle "playchess.com"]
[Source "ChessBase"]
[SourceQuality "1"]
[TimeControl "40/5400+30:1800+30"]

1. e4 c5 2. Nf3 e6 3. d4 cxd4 4. Nxd4 a6 5. Bd3 Nf6 6. Qe2 d6 {[%emt 0:00:16] B42: Sicilian: Kan Variation: 5 Bd3.} 7. c4 g6 8. Nc3 {[%emt 0:09:39] White is more active.} Bg7 9. f4 O-O 10. O-O Qb6 (10... d5 $5 11. Nf3 dxe4 12. Nxe4 Nxe4 13. Bxe4 Nd7 $11) 11. Be3 {[%emt 0:03:08][%cal Od4e6] [#] Threatens to win with Nxe6!} Ng4 12. Qxg4 Bxd4 13. Bf2 Nc6 14. Qe2 Bd7 15. Rad1 {[%emt 0:06:57] [#]} Bc5 $146 ({Predecessor:} 15... Rfe8 16. Bxd4 Qxd4+ 17. Kh1 Qc5 18. e5 d5 19. cxd5 exd5 20. Nxd5 Qxd5 21. Bc4 Nd4 {1-0 (37) Hjelm,N (2325)-Eriksson,J (2225) Helsingborg 1991}) 16. Bb1 Qc7 17. Qd2 {[%emt 0:08:01] [#] Black must now prevent Bxc5.} Rad8 18. Bxc5 ({White should play} 18. a3 $16) 18... dxc5 $11 19. f5 {[%emt 0:00:54] f6 is the strong threat.} Qe5 20. Qh6 {[%emt 0:06:23] Weighted Error Value: White=0.15 (very precise) /Black=0.10 (very precise)} 1/2-1/2

[Event "VII Totalizator Sportowy 2022"]
[Site "Bydgoszcz"]
[Date "2022.06.27"]
[Round "3.17"]
[White "Kujawski, Adam"]
[Black "Paprocki, Antoni"]
[Result "0-1"]
[ECO "C87"]
[WhiteElo "2246"]
[BlackElo "1851"]
[Annotator "RC"]
[PlyCount "128"]
[EventDate "2022.06.25"]
[EventType "swiss"]
[EventCountry "POL"]
[SourceTitle "playchess.com"]
[Source "ChessBase"]
[SourceQuality "1"]
[TimeControl "40/5400+30:1800+30"]

1. e4 e5 2. Nf3 Nc6 3. Bb5 a6 4. Ba4 Nf6 5. O-O Be7 6. Re1 d6 7. Bxc6+ bxc6 8. d4 exd4 9. Nxd4 Bd7 10. Nc3 O-O 11. Qf3 Re8 12. h3 Rb8 13. b3 h6 14. Bb2 c5 15. Nf5 Bf8 16. Qf4 Bxf5 17. Qxf5 g6 18. Qf3 Bg7 19. Rab1 Nd7 20. Nd5 Ne5 21. Bxe5 Bxe5 22. Qd3 Qc8 23. c3 c6 24. Ne3 Qe6 25. Nc4 Bf4 26. Qf3 d5 27. Qxf4 dxc4 28. bxc4 Rxb1 29. Rxb1 Qxc4 30. Rb7 Qxa2 31. Ra7 a5 32. e5 h5 33. c4 Qa1+ 34. Kh2 Qxe5 35. Qxe5 Rxe5 36. Rxa5 Kf8 37. Ra6 Re4 38. Rxc6 Rxc4 39. g3 Ke7 40. h4 Kd7 41. Rf6 Rd4 42. Rxf7+ Kc6 43. Kg2 c4 44. Rf8 Kb5 45. Rb8+ Ka4 46. Kf3 c3 47. Ke2 c2 48. Ra8+ Kb3 49. Rb8+ Kc3 50. Rc8+ Kb2 51. Rb8+ Kc1 52. Rb6 Rd2+ 53. Ke1 Rd5 54. f4 Rd3 55. Rxg6 Re3+ 56. Kf2 Kd2 57. Rc6 Rc3 58. Rd6+ Rd3 59. Rc6 c1=Q 60. Rxc1 Kxc1 61. f5 Kd2 62. f6 Rd6 63. g4 Rxf6+ 64. Kg3 Rg6 0-1

[Event "VII Totalizator Sportowy 2022"]
[Site "Bydgoszcz"]
[Date "2022.06.27"]
[Round "3.18"]
[White "Starosciak, Szymon"]
[Black "Ulasevich, Sergei"]
[Result "1/2-1/2"]
[ECO "B38"]
[WhiteElo "1901"]
[BlackElo "2217"]
[Annotator "RC"]
[PlyCount "203"]
[EventDate "2022.06.25"]
[EventType "swiss"]
[EventCountry "POL"]
[SourceTitle "playchess.com"]
[Source "ChessBase"]
[SourceQuality "1"]
[TimeControl "40/5400+30:1800+30"]

1. e4 c5 2. Nf3 Nc6 3. d4 cxd4 4. Nxd4 g6 5. c4 Bg7 6. Be3 Nf6 7. Nc3 O-O 8. Be2 d6 9. O-O Bd7 10. Qd2 Nxd4 11. Bxd4 Bc6 12. f3 a5 13. b3 Nd7 14. Be3 Nc5 15. Rab1 Be5 16. g3 e6 17. Rbd1 Qe7 18. Bg5 f6 19. Be3 g5 20. Nb5 b6 21. Nd4 Bb7 22. a3 g4 23. Qc2 Kh8 24. b4 axb4 25. axb4 gxf3 26. Bxf3 Nd7 27. Nb5 Bc6 28. Bd4 Bxb5 29. cxb5 Bxd4+ 30. Rxd4 Ne5 31. Qd2 Ra3 32. Bg2 Rfa8 33. Qh6 Ra1 34. Rdd1 Rxd1 35. Rxd1 Rc8 36. h3 Nf7 37. Qe3 Qc7 38. Rf1 Kg7 39. Qf4 Qe7 40. Qf2 Qd8 41. h4 Rc4 42. Qf4 Ne5 43. Bh3 Qe7 44. Qe3 Nd7 45. Ra1 Rc7 46. Ra2 Qf7 47. Kg2 Rb7 48. Qb3 Nf8 49. Rc2 Qg6 50. Qc4 d5 51. exd5 exd5 52. Qc8 Re7 53. Rc7 Qe4+ 54. Kh2 Qe2+ 55. Bg2 Ng6 56. Qd8 d4 57. Rxe7+ Nxe7 58. Qxd4 Qxb5 59. Qg4+ Kf7 60. Qe4 f5 61. Qd4 Ke6 62. Qe3+ Kd7 63. Qf4 Qe2 64. Qh6 Qb5 65. Qd2+ Ke6 66. h5 Nd5 67. Bxd5+ Qxd5 68. Qe3+ Qe4 69. Qxb6+ Kd7 70. Qb5+ Kc8 71. Qc5+ Kd7 72. Qf2 Qd3 73. h6 Ke6 74. Qb6+ Kd7 75. Qa7+ Ke6 76. Qb6+ Kd7 77. Kh3 Qf1+ 78. Kh2 Qe2+ 79. Kg1 Qe1+ 80. Kg2 Qe4+ 81. Kf2 Qc2+ 82. Kg1 Qd1+ 83. Kg2 Qe2+ 84. Qf2 Qd3 85. Kh2 Ke6 86. Qa2+ Kd6 87. Qb2 Kc6 88. b5+ Qxb5 89. Qf6+ Kc7 90. Qg7+ Kd6 91. Kh3 Ke6 92. Qg8+ Kf6 93. Qh8+ Ke6 94. Qd4 Qd5 95. Qe3+ Kf6 96. Qc3+ Kg6 97. Qg7+ Kh5 98. g4+ fxg4+ 99. Qxg4+ Kxh6 100. Qf4+ Kg6 101. Qg4+ Kf7 102. Qf4+ 1/2-1/2

[Event "VII Totalizator Sportowy 2022"]
[Site "Bydgoszcz"]
[Date "2022.06.27"]
[Round "3.19"]
[White "Paprocki, Jaroslaw"]
[Black "Kowalski, Igor"]
[Result "1/2-1/2"]
[ECO "A01"]
[WhiteElo "2165"]
[BlackElo "2370"]
[Annotator "TA"]
[PlyCount "79"]
[EventDate "2022.06.25"]
[EventType "swiss"]
[EventCountry "POL"]
[SourceTitle "playchess.com"]
[Source "ChessBase"]
[SourceQuality "1"]
[TimeControl "40/5400+30:1800+30"]

1. b3 d5 2. Bb2 Bf5 3. g3 e6 4. Bg2 Nf6 5. c4 c6 6. Nf3 h6 7. O-O Be7 8. d3 O-O 9. Nbd2 Nbd7 {[%emt 0:00:31] 9...a5 is the hot move.} 10. Ne5 Bh7 {[%emt 0:04:32] A12: English Opening: 1...c6 with b3 by White.} 11. Nxd7 Nxd7 {[%emt 0:00:24] [#]} 12. cxd5 $146 ({Predecessor:} 12. a3 a5 13. Ra2 Bf6 14. Qa1 Bxb2 15. Qxb2 h5 16. b4 a4 17. Rc1 f5 18. cxd5 cxd5 {1-0 (44) Jain,K (1870)-Bagwe,G (1788) Delhi 2019}) 12... exd5 13. Qc2 Bf6 14. Nf3 Re8 15. Rfe1 a5 16. Bh3 Ne5 17. Nd4 Qb6 18. Bf5 (18. Nf5 {is interesting.} h5 19. Rab1 Bg6 20. Bc3) 18... c5 19. Bxh7+ Kxh7 20. Nf3 Nxf3+ 21. exf3 Bxb2 22. Qxb2 d4 23. Re2 Qc6 24. Rae1 Rxe2 25. Qxe2 $11 {[%emt 0:00:06][%mdl 4096] Endgame KQR-KQR} a4 26. bxa4 Rxa4 27. Rc1 (27. Kg2 $11) 27... b6 (27... Ra3 $17) 28. Rb1 b5 {[%emt 0:16:21] And now ...c4 would win.} 29. Qe5 c4 ({Of course not} 29... Rxa2 $6 30. Qf5+ Qg6 31. Qxg6+ Kxg6 32. Rxb5 $11) ({Black should play} 29... f6 $17 30. Qf5+ Kh8) 30. dxc4 {[%emt 0:03:31] The position is equal.} bxc4 31. Qxd4 Qxf3 32. Rc1 Rxa2 {[%emt 0:01:41][%cal Oc4c3] [#] ...c3! is the strong threat.} 33. Rxc4 Re2 34. Rc1 {[%emt 0:00:51] Inhibits Re1+.} h5 35. h4 f5 36. Qc5 Rd2 37. Qe3 Qxe3 38. fxe3 Kg6 39. Rc6+ Kf7 40. Kf1 {Weighted Error Value: White=0.09 (flawless) /Black=0.09 (flawless)} 1/2-1/2